cohdb
Replays
Latest Replays
All Replays
Popular Replays
Top Player Replays
Match Explorer
How It Works
Community
CoH3 Stats
Reddit
Sign in to upload your games and track your stats! →
Sign in with Steam
Match 47394703
Unlisted
Match 47394703
Overview
Messages
Build Orders
End
Kradschützen Motorcycle Team
Panzergrenadier Squad
Panzergrenadier Squad
Construct Light Support Kompanie
MG34 Team
Fire Support Elements
Veteran Squad Leaders
Flakvierling Half-track
2.5-tonne Medical Truck
Vehicle Survival Package
Selects Battlefield Espionage Battlegroup
Selects Intel Disruption Beacon
Selects Plunder
Selects 250/3 Funkpanzerwagen
Construct Panzerarmee Kommand
Walking Stuka Rocket Launcher
Selects Plunder
Selects Firestorm
Armored Reserves
Firestorm
Firestorm
Forward Retreat Point
Firestorm
Tiger Heavy Tank
Thrusher
Speqz
PustinjskiMis
jnowicki094
iSтiх
YoKeli
Citizen Mars
Warpuppy44
0
0
Comments
sign in to comment!
No comments posted yet!